 Dungeon Crawl Stone Soup version 0.31.0-11-ge490571c62 (webtiles) character file.

Game seed: 9030238791427101432

4636 Dirian the Cleaver (level 10, 0/129 HPs)
             Began as a Minotaur Fighter on Jan 26, 2024.
             Was a Priest of Okawaru.
             Succumbed to a killer bee's poison
             ... on level 9 of the Dungeon.
             The game lasted 00:12:49 (9157 turns).

Dirian the Cleaver (Minotaur Fighter)               Turns: 9157, Time: 00:12:49

Health: 0/129      AC: 11    Str: 25    XL:     10   Next: 20%
Magic:  11/11      EV:  8    Int:  5    God:    Okawaru [***...]
Gold:   505        SH:  9    Dex: 10    Spells: 9/9 levels left

rFire   + . .        a - +1 war axe (heavy)
rCold   . . .        r - +0 kite shield
rNeg    . . .        q - +0 chain mail
rPois   .            (helmet restricted)
rElec   .            (no cloak)
rCorr   .            (no gloves)
SInv    +            (no boots)
Will    .....        (no amulet) Stlth
                     u - ring of see invisible
HPRegen 0.41/turn    m - ring of protection from fire
MPRegen 0.12/turn

%: no passive effects
@: berserking, lethally poisoned (0 -> -19), very quick
A: horns 2, retaliatory headbutt
a: Renounce Religion, Heroism


You were on level 9 of the Dungeon.
You worshipped Okawaru.
Okawaru was most pleased with you.
You visited 2 branches of the dungeon, and saw 10 of its levels.
You also visited: Sewer.

You collected 574 gold pieces.
You spent 69 gold pieces at shops.

Inventory:

Hand Weapons
 a - a +1 heavy war axe (weapon)
 w - a +2 flail of protection
Missiles
 s - 7 boomerangs (quivered)
Armour
 q - a +0 chain mail (worn)
 r - a +0 kite shield (worn)
Jewellery
 i - a +6 ring of intelligence
 k - a +5 ring of evasion
 m - a ring of protection from fire (right hand)
 u - a ring of see invisible (left hand)
 A - an amulet of reflection
 C - a ring of resist corrosion
Wands
 v - a wand of flame (1)
Scrolls
 c - a scroll of butterflies {unknown}
 g - 2 scrolls of revelation
 t - 5 scrolls of teleportation
 x - 2 scrolls of fog
 y - a scroll of enchant weapon
Potions
 b - 3 potions of cancellation
 d - 2 potions of attraction
 e - a potion of enlightenment
 f - 2 potions of lignification
 h - 5 potions of haste
 j - 2 potions of ambrosia {unknown}
 l - a potion of brilliance {unknown}
 n - 2 potions of invisibility
 o - 2 potions of curing {unknown}
 p - 4 potions of berserk rage
 z - a potion of heal wounds {unknown}


   Skills:
 + Level 7.6 Fighting
 + Level 11.7 Axes
 * Level 3.9 Throwing
 + Level 9.3 Armour
 - Level 6.0 Shields
 * Level 3.9 Invocations


You had 9 spell levels left.
You didn't know any spells.
Your spell library contained the following spells:

 Spells                   Type           Power      Damage    Failure   Level
 Ozocubu's Armour         Ice            0%         N/A       100%        3
 Metabolic Englaciation   Hex/Ice        0%         N/A       100%        5
 Sculpt Simulacrum        Ice/Alch       Unusable   N/A       N/A         6

Dungeon Overview and Level Annotations

Branches:
Dungeon (9/15) Zot: 26750  Temple (1/1) D:4 Zot: 5969   Sewer (visited)
   Lair: D:8-11         Orc: D:9-12

Altars:
Ashenzari
Cheibriados
Dithmenos
Elyvilon
Fedhas
Gozag
Hepliaklqana
Makhleb
Nemelex Xobeh
Okawaru
Qazlal
Ru
Sif Muna
Trog
Uskayaw
Vehumet
Wu Jian
Xom
Yredelemnul

Shops:
D:3 =**[[   D:7 :(


Innate Abilities, Weirdness & Mutations

You have a pair of horns on your head.
You reflexively headbutt those who attack you in melee.


Message History

You feel very sick. The killer bee closely misses you.
The killer bee stings you but does no damage.
The killer bee stings you.
* * * LOW HITPOINT WARNING * * *
You miss the killer bee.
You feel sick. The killer bee barely misses you.
The killer bee stings you but does no damage.
The killer bee stings you.
* * * LOW HITPOINT WARNING * * *
You miss the killer bee.
You feel sick. The killer bee misses you. You block the killer bee's attack.
The killer bee stings you.
* * * LOW HITPOINT WARNING * * *
You are more poisoned.
The killer bee poisons you!
You miss the killer bee. Your headbutt misses the killer bee.
You feel sick. The killer bee closely misses you.
The killer bee stings you but does no damage.
It was a potion of berserk rage.
A red film seems to cover your vision as you go berserk!
You feel yourself moving faster!
You feel mighty!
You feel sick.
The killer bee stings you but does no damage.
The killer bee stings you.
* * * LOW HITPOINT WARNING * * *
You are lethally poisoned!
The killer bee poisons you!
You are too berserk!
You barely miss the killer bee.
* * * LOW HITPOINT WARNING * * *
You feel very sick. The killer bee barely misses you.
The killer bee stings you but does no damage.
You miss the killer bee.
* * * LOW HITPOINT WARNING * * *
You feel very sick. The killer bee barely misses you.
The killer bee stings you.
* * * LOW HITPOINT WARNING * * *
You are more poisoned.
The killer bee poisons you!
You miss the killer bee.
You die...

#.########
#..y@....#
#....###.##.# .##
#.##.# #.##.# ###
#.##.# #..
#.##.##########.#
#.##.<...........
#...............#
#################


You could see a killer bee.

Vanquished Creatures
  An unseen horror (D:8)
  Grinder (D:3)
  A wraith (D:8)
  2 steam dragons
  2 water moccasins
  2 ice beasts (D:7)
  2 ogres
  3 black bears
  A centaur (D:4)
  3 phantoms
  A kobold brigand (Sewer)
  A weeping skull (D:8)
  2 brain worms (Sewer)
  5 bullfrogs
  A gnoll sergeant (D:9)
  3 scorpions
  10 killer bees
  A crimson imp (D:6)
  7 howler monkeys
  4 bombardier beetles
  A hound (D:5)
  5 orc priests
  A gnoll bouda (D:8)
  A sleepcap (D:4)
  6 iguanas
  4 orc wizards
  Robin (D:3)
  10 adders
  13 gnolls
  4 river rats
  2 shadow imps (D:6)
  2 white imps
  2 ufetubi (D:6)
  3 dart slugs
  21 orcs
  2 endoplasms
  6 giant cockroaches
  11 hobgoblins
  10 jackals
  10 kobolds
  3 quokkas
  13 ball pythons
  4 bats
  5 frilled lizards
  15 goblins
  13 rats
  A spectral orc (D:8)
222 creatures vanquished.

Notes
Turn   | Place    | Note
-------+----------+-------------------------------------------
     0 | D:1      | Dirian the Minotaur Fighter began the quest for the Orb.
     0 | D:1      | Reached XP level 1. HP: 19/19 MP: 0/0
   105 | D:1      | Reached XP level 2. HP: 24/27 MP: 1/1
   923 | D:2      | Reached XP level 3. HP: 33/33 MP: 2/2
  1503 | D:2      | Found a faded altar of an unknown god.
  1823 | D:3      | Found Nenimn's General Store.
  1839 | D:3      | Reached skill level 3 in Axes
  1869 | D:3      | Found Raqaim's Jewellery Shoppe.
  1897 | D:3      | Noticed Grinder
  1902 | D:3      | Paralysed by Grinder for 4 turns
  1910 | D:3      | Killed Grinder
  1911 | D:3      | Reached skill level 5 in Axes
  1911 | D:3      | Reached skill level 5 in Armour
  1911 | D:3      | Reached XP level 4. HP: 6/41 MP: 3/3
  1911 | D:3      | Reached XP level 5. HP: 7/47 MP: 4/4
  2073 | D:3      | Identified the staff of Instinct {rPois Will+ Str-3 Dex+3
                  | Stlth+ Alchemy}
  2164 | D:3      | Noticed Robin
  2174 | D:3      | Killed Robin
  2175 | D:3      | Reached XP level 6. HP: 50/53 MP: 5/5
  2228 | D:3      | Found Wosk's Assorted Antiques.
  2233 | D:3      | Bought a scroll labelled VUMOMM TITE for 23 gold pieces
  2233 | D:3      | Bought a scroll labelled UZORGH JESABIPT for 23 gold pieces
  2233 | D:3      | Bought a scroll labelled MUARCH URON RYN for 23 gold pieces
  2447 | D:3      | Found Leiffif's Armour Emporium.
  2476 | D:3      | Found Huytiergh's Antique Armour Shop.
  2677 | D:3      | Found a hide-covered altar of Uskayaw.
  3006 | D:4      | Reached skill level 6 in Axes
  3013 | D:4      | Reached skill level 5 in Fighting
  3172 | D:4      | Found a shimmering altar of Xom.
  3187 | D:4      | Reached XP level 7. HP: 61/61 MP: 6/6
  3194 | D:4      | Found a shimmering altar of Xom.
  3195 | D:4      | Found a shimmering altar of Xom.
  3195 | D:4      | Found a shimmering altar of Xom.
  3196 | D:4      | Found a shimmering altar of Xom.
  3197 | D:4      | Found a shimmering altar of Xom.
  3197 | D:4      | Found a shimmering altar of Xom.
  3201 | D:4      | Reached skill level 7 in Axes
  3201 | D:4      | Found a shimmering altar of Xom.
  3339 | D:4      | Found a shimmering altar of Xom.
  3503 | D:4      | Found a staircase to the Ecumenical Temple.
  3535 | Temple   | Entered the Ecumenical Temple
  3550 | Temple   | Became a worshipper of Warmaster Okawaru
  3628 | D:4      | Reached skill level 8 in Axes
  3628 | D:4      | Reached skill level 5 in Shields
  4334 | D:5      | Entered Level 5 of the Dungeon
  4358 | D:5      | Found a broken altar of Ashenzari.
  4365 | D:5      | Reached XP level 8. HP: 69/69 MP: 7/7
  4465 | D:5      | Found a sparkling altar of Nemelex Xobeh.
  4484 | D:5      | Reached * piety under Okawaru
  4497 | D:5      | Reached skill level 9 in Axes
  4693 | D:5      | Found a glowing drain.
  4700 | Sewer    | Entered a sewer
  5727 | D:6      | Found a radiant altar of Vehumet.
  5727 | D:6      | Found a burning altar of Makhleb.
  5783 | D:6      | Reached skill level 10 in Axes
  5789 | D:6      | Reached skill level 1 in Invocations
  6197 | D:6      | Found an ornate altar of the Wu Jian Council.
  6493 | D:6      | Reached skill level 1 in Throwing
  6495 | D:6      | Reached XP level 9. HP: 78/78 MP: 7/9
  6833 | D:7      | Reached ** piety under Okawaru
  7028 | D:7      | Found Okesixepp's Tremendous Tomes.
  7090 | D:7      | Found Foqogiyn's Weapon Shop.
  7112 | D:7      | HP: 3/79 [killer bee (5)]
  7374 | D:7      | Reached skill level 11 in Axes
  7446 | D:7      | Found an opulent altar of Gozag.
  7591 | D:7      | Reached *** piety under Okawaru
  7815 | D:8      | Noticed an unseen horror
  7820 | D:8      | Killed an unseen horror
  7874 | D:8      | Reached XP level 10. HP: 86/86 MP: 9/11
  8459 | D:8      | Found a stormy altar of Qazlal.
  8551 | D:8      | Found a basalt altar of Yredelemnul.
  9156 | D:9      | HP: 6/129 [poisoned by a killer bee]
  9157 | D:9      | Succumbed to a killer bee's poison

Illustrated notes

Levels and vault maps discovered:
D:1:      minmay_arrival_loop, layout_loops_ring
D:2:      layout_basic, shapermc_ecumenical_altar_flowoftime, minmay_surrounded
D:3:      layout_basic, mainiacjoe_overflow_alcove_4, serial_shops,
          nicolae_shop_just_a_little_nook, nicolae_shop_gaudy_bauble, shop,
          nicolae_shop_hallway_plus, shop, uniq_robin, uniq_grinder
D:4:      layout_layer_cave, xom_redecorated,
          minmay_temple_entry_enclosed_plants, grunt_ministairs_2,
          dk_vineyard_3, grunt_decor_junction, nicolae_eternal_life
D:5:      layout_basic, overflow_temple_1_default, evilmike_ruin_ashenzari,
          portal_sewer_entry_e, minmay_fountain_box, roderic_filled_cross
D:6:      layout_basic, pdpol_wu_jian_five_deadly_venoms,
          grunt_temple_overflow_lords_of_destruction, kennysheep_flooded_box,
          dk_noncrumbling_3
D:7:      layout_basic, lemuel_doored_altar, serial_shops, shop,
          nicolae_shop_i_like_big_books
D:8:      layout_layer_cave, grunt_qazlal_clouds,
          yredelemnul_forgotten_temple_becter, nicolae_zig_zag_zippers
D:9:      layout_loops_ring, tso_oasis_becter, skrybe_limestone_x, uniq_pikel
Temple:   hellmonk_temple_forest_ring

Skill      XL: |  1  2  3  4  5  6  7  8  9 |
---------------+----------------------------+-----
Armour         | 4 5 6 7 9 |  9.3
Fighting       | 4 5 6 7 |  7.6
Shields        | 4 5 6 |  6.0
Axes           | 5 6 8 10 11 | 11.7
Invocations    | 1 3 |  3.9
Throwing       | 1 3 |  3.9

Action                     |  1- 3 |  4- 6 |  7- 9 | 10-12 || total
---------------------------+-------+-------+-------+-------++-------
  Melee: War axe           |    71 |    78 |   225 |    60 ||   434
         Headbutt          |    10 |     7 |    38 |     7 ||    62
 Invoke: Heroism           |       |       |     1 |     1 ||     2
    Use: Potion            |     1 |       |     2 |     1 ||     4
         Scroll            |       |     9 |     6 |     1 ||    16
   Stab: Invisible         |       |       |     1 |       ||     1
 Armour: Scale mail        |    35 |       |       |       ||    35
         Chain mail        |       |    49 |   167 |    57 ||   273
  Dodge: Dodged            |    42 |    53 |   131 |    28 ||   254
  Block: Buckler           |    14 |    18 |    78 |     3 ||   113
         Kite shield       |       |       |       |    28 ||    28
